AoeStats
← varunalur2879

Arabia

508331707Analyzed
3v3 RM · 11d ago on Sep 22, 2026· 18m 46s· 6 players
Game mode
Random Map
Map size
Normal (6 player)
Population
200
Speed
Normal
Resources
Standard
Victory
Conquest
Starting age
Dark Age
Ending age
Imperial Age
RankedLock teamsTeams togetherTeam positionsShared explorationLock speedFull tech treeHidden civsTurbo modeCheats
Victory
Defeat
🇨🇱 Tupi · Chile
1352
+16
🇮🇳 Georgians · India
1334
+17
🇦🇷 Magyars · Argentina
1282
+19
🇺🇸 Vikings · United States
1420
-21
🇺🇸 Byzantines · United States
1351
-17
🇺🇸 Persians · United States
1278
-14
varunalur2879
6:28 Loom
10:43 Feudal Age
12:06 Double-Bit Axe
13:43 Horse Collar
20:40 Castle Age
Garrón Husita
7:30 Loom
9:45 Feudal Age
10:19 Double-Bit Axe
10:33 Horse Collar
Cegisaurio [GiGi]
6:40 Loom
9:20 Feudal Age
9:54 Double-Bit Axe
17:49 Fletching
Attic
6:46 Loom
9:07 Feudal Age
9:59 Double-Bit Axe
16:43 Fletching
16:53 Padded Archer Armor
ZooWee
7:00 Loom
9:12 Feudal Age
10:19 Double-Bit Axe
15:52 Horse Collar
18:37 Wheelbarrow
18:29 Gold Mining
kevz
6:39 Loom
9:02 Feudal Age
13:06 Double-Bit Axe
17:39 Horse Collar
Connection lost

Rejoining the realm…

Still unreachable

The connection could not be restored.

Session expired

The server has moved on; the page needs a fresh start.